 Dungeon Crawl Stone Soup version 0.17-a0-1310-gaf4f4d6 (webtiles) character file.

1369 Max123 the Cudgeler (level 8, -3/71 HPs)
             Began as a Minotaur Berserker on June 8, 2015.
             Was a High Priest of Trog.
             Killed by nerve-wracking pain
             ... invoked by Menkaure
              (14 damage)
             ... on level 6 of the Dungeon.
             The game lasted 01:20:24 (7451 turns).

Max123 the Cudgeler (Minotaur Berserker)            Turns: 7451, Time: 01:20:24

Health: -3/71      AC: 13    Str: 21    XL:     8   Next: 38%
Magic:  7/7        EV:  9    Int:  6    God:    Trog [*****.]
Gold:   221        SH:  0    Dex: 23    Spells: 0 memorised, 7 levels left

rFire  + . .     SeeInvis +     I - +10 mace "Kukuint" {speed, Dex+9}
rCold  . . .     Clarity  .     x - +2 chain mail {rF+}
rNeg   . . .     SustAt   .     (no shield)
rPois  .         Gourm    .     (helmet restricted)
rElec  .         Spirit   .     (no cloak)
rCorr  .         Warding  .     (no gloves)
rMut   .         Stasis   .     v - +0 pair of boots
MR     .....                    (no amulet)
Stlth  ..........               t - ring of see invisible
                                o - +3 ring of dexterity

@: not resistant to hostile enchantments, extremely unstealthy
A: retaliatory headbutt, horns 2
a: Burn Spellbooks, Berserk, Trog's Hand, Brothers in Arms, Renounce Religion


You were on level 6 of the Dungeon.
You worshipped Trog.
Trog was extremely pleased with you.
You were not hungry.

You visited 1 branch of the dungeon, and saw 6 of its levels.

You collected 221 gold pieces.

Inventory:

Hand weapons
 n - a +0 spear
 u - a +0 short sword of freezing
 G - a +0 hunting sling
 I - the +10 mace "Kukuint" (weapon) {speed, Dex+9}
   (You found it on level 5 of the Dungeon)

   Attacks with this weapon are significantly faster.
   It affects your dexterity (+9).
 J - a +2 falchion of electrocution
Missiles
 g - 41 poisoned needles
 l - 111 stones (quivered)
Armour
 b - a +0 animal skin
 m - a +4 ring mail
 v - a +0 pair of boots (worn)
 x - a +2 chain mail of fire resistance (worn)
 D - a +0 ring mail
Jewellery
 o - a +3 ring of dexterity (left hand)
 t - a ring of see invisible (right hand)
Magical devices
 y - a wand of slowing (15)
 A - a wand of polymorph (2)
Scrolls
 d - 2 scrolls of amnesia {unknown}
 e - 4 scrolls of identify
 f - 4 scrolls of remove curse
 i - 2 scrolls of magic mapping {unknown}
 j - 2 scrolls of recharging {unknown}
 s - 2 scrolls of enchant weapon {unknown}
 w - a scroll of fear {unknown}
 C - a scroll of blinking {unknown}
Potions
 h - 2 potions of curing {unknown}
 p - a potion of poison {unknown}
 q - a potion of brilliance {unknown}
 z - a potion of degeneration {unknown}
 B - a potion of lignification {unknown}
 E - a potion of heal wounds {unknown}
 F - a potion of might {unknown}
Comestibles
 a - a slice of pizza
 c - 2 bread rations
 k - a meat ration
 r - 3 fruits


   Skills:
 - Level 6.5 Fighting
 * Level 7.1 Maces & Flails
 - Level 6.2 Polearms
 - Level 6.4 Armour
 - Level 2.1 Dodging
 - Level 1.7 Stealth


You had 7 spell levels left.
You didn't know any spells.

Dungeon Overview and Level Annotations

Branches:
Dungeon (6/15)             Temple (0/1) D:4

Altars:
Cheibriados
Gozag
Okawaru
Ru
Sif Muna

Annotations:
D:6 Menkaure


Innate Abilities, Weirdness & Mutations

You reflexively headbutt those who attack you in melee.
You have a pair of horns on your head.


Message History

Pain shoots through your body!
Menkaure mumbles some strange words.
Menkaure seems to speed up.
Menkaure grins.
Menkaure points at you and mumbles some strange words.
Pain shoots through your body! Menkaure hits you but does no damage.
Menkaure calls on the powers of darkness!
Your body is wracked with pain!
Menkaure gestures at you while chanting.
You struggle to resist.
Menkaure calls on the powers of darkness!
Your body is wracked with pain!
* * * LOW HITPOINT WARNING * * *
Menkaure calls on the powers of darkness!
Your body is wracked with pain!
* * * LOW HITPOINT WARNING * * *
Menkaure points at you and mumbles some strange words.
Pain shoots through your body!
You die...

#.# #.# ######.## #.# # #.......#
#.# # #.......# ##### #.# #
#######.......####...# #.# #
.>...................#####.######
#................................
.....#.###.#.###@....###.........
.....#..<#.#.# #....z............
.<...#####.#.# #....M............
...........#.# ###..............#
.....#######.# ##.............#
.....# #.# ##............# ......
..##(#######).......)...#
........#..................#
.....#...............#######


You could see Menkaure and a wight.

Vanquished Creatures
  3 ogres
  A phantom (D:4)
  A centaur (D:5)
  A giant frog (D:5)
  2 crimson imps (D:5)
  Ijyb (D:4)
  5 orc priests
  3 orc wizards (D:5)
  A gnoll shaman (D:5)
  A centaur skeleton (D:4)
  A giant frog skeleton (D:5)
  3 worker ants
  Natasha (thrice) (D:4)
  A hound zombie (D:5)
  14 gnolls
  5 adders
  A shadow imp (D:5)
  3 oozes
  3 worms
  5 giant geckos
  22 orcs
  9 bats
  3 bat skeletons
  5 giant cockroaches
  15 hobgoblins
  11 kobolds
  5 quokkas
  A ball python (D:2)
  7 giant newts
  14 goblins
  10 jackals
  A jackal skeleton (D:5)
  13 rats
174 creatures vanquished.

Notes
Turn   | Place    | Note
--------------------------------------------------------------
     0 | D:1      | Max123 the Minotaur Berserker began the quest for the Orb.
     0 | D:1      | Reached XP level 1. HP: 19/19 MP: 0/0
   400 | D:1      | Reached skill level 4 in Fighting
   410 | D:1      | Reached XP level 2. HP: 25/27 MP: 1/1
  1084 | D:2      | Acquired Trog's second power
  1108 | D:2      | Reached XP level 3. HP: 25/34 MP: 2/2
  1388 | D:2      | Reached skill level 5 in Fighting
  1388 | D:2      | Reached XP level 4. HP: 37/42 MP: 3/3
  1399 | D:2      | Reached skill level 1 in Stealth
  1399 | D:2      | HP: 3/63 [gnoll/halberd (16)]
  1799 | D:2      | Found an iron altar of Okawaru.
  2314 | D:2      | Found a sacrificial altar of Ru.
  2377 | D:2      | Reached XP level 5. HP: 42/48 MP: 4/4
  4056 | D:4      | Found a staircase to the Ecumenical Temple.
  4062 | D:4      | Noticed Natasha
  4079 | D:4      | Killed Natasha
  4096 | D:4      | Noticed Natasha
  4101 | D:4      | Killed Natasha
  4101 | D:4      | Reached XP level 6. HP: 49/56 MP: 5/5
  4128 | D:4      | Noticed an ogre
  4149 | D:4      | Killed an ogre
  4149 | D:4      | Reached skill level 5 in Polearms
  4149 | D:4      | Reached skill level 5 in Armour
  4219 | D:4      | Noticed an ogre
  4233 | D:4      | Killed an ogre
  4233 | D:4      | Reached skill level 6 in Fighting
  4237 | D:4      | Noticed a phantom
  4410 | D:4      | Killed a phantom
  4410 | D:4      | Reached XP level 7. HP: 59/63 MP: 6/6
  4796 | D:4      | Noticed Natasha
  4804 | D:4      | Acquired Trog's third power
  4807 | D:4      | Killed Natasha
  4987 | D:4      | Noticed Ijyb
  4998 | D:4      | Killed Ijyb
  5746 | D:4      | Found a snail-covered altar of Cheibriados.
  6040 | D:5      | Entered Level 5 of the Dungeon
  6110 | D:5      | Got an encrusted mace
  6112 | D:5      | Identified the +10 mace "Kukuint" {speed, Dex+9} (You found it on level 5 of the Dungeon)
  6168 | D:5      | Reached skill level 1 in Maces & Flails
  6556 | D:5      | Reached XP level 8. HP: 57/71 MP: 7/7
  6573 | D:5      | Reached skill level 5 in Maces & Flails
  6615 | D:5      | Found an opulent altar of Gozag.
  7110 | D:5      | Found a deep blue altar of Sif Muna.
  7263 | D:5      | Reached skill level 7 in Maces & Flails
  7425 | D:6      | Noticed Menkaure
  7451 | D:6      | Killed from afar by Menkaure

Vault maps used:
D:1:      lightli_arrival_farm
D:2:      nicolae_overflow_hidden_temple, nicolae_overflow_crystal_walls,
          first_bread
D:4:      kennysheep_goblin_castle, lemuel_coloured_pillars_altar,
          minmay_temple_entry_large_hall, uniq_natasha
D:5:      led_sif_book, grunt_gozag_statues
D:6:      nicolae_qazlal_style_of_elements, uniq_sigmund, uniq_menkaure

Action                   |  1- 3 |  4- 6 |  7- 9 || total
-------------------------+-------+-------+-------++-------
Melee: Spear             |    82 |   199 |   150 ||   431
       Mace              |       |       |    84 ||    84
Throw: Stone             |       |       |     2 ||     2
Invok: Berserk           |     1 |     2 |       ||     3
  Use: Scroll            |       |       |     1 ||     1
 Stab: Sleeping          |     1 |       |     1 ||     2
  Eat: Chunk             |     2 |    12 |    10 ||    24
